PCL
HOUSTON HAMMERTIME @ VANCOUVER VIPERS
07/20/2030
 
TOP OF THE 1ST
Houston Hammertime batting - Pitching for Vancouver Vipers : LHP Dennis Morales
Pitching: LHP Dennis Morales
Batting: RHB Jorge Barbosa 0-0: Ball
1-0: Swinging Strike
1-1: Ground out 1-3 (Groundball, 13S)
Batting: RHB Santo Cruz 0-0: Ball
1-0: Swinging Strike
1-1: Ball
2-1: SINGLE (Groundball, 13) (infield hit)
Batting: LHB Francisco Cardenas 0-0: Ball
1-0: Swinging Strike
1-1: Fly out, F6 (Popup, 6MD)
Batting: RHB José García 0-0: Called Strike
0-1: Ball
1-1: Ball
2-1: Ball
3-1: Fielders Choice at 2nd, 5-4 (Groundball, 56)
Top of the 1st over - 0 runs, 1 hit, 0 errors, 1 left on base; Houston 0 - Vancouver 0
BOTTOM OF THE 1ST
Vancouver Vipers batting - Pitching for Houston Hammertime : LHP Dan Snyder
Pitching: LHP Dan Snyder
Batting: RHB Rob Brady 0-0: Called Strike
0-1: Ball
1-1: Fly out, F9 (Flyball, 9S)
Batting: SHB Henry Copeland 0-0: Called Strike
0-1: SOLO HOME RUN (Flyball, 78XD), Distance : 424 ft
Batting: RHB Marvin Workman 0-0: Called Strike
0-1: Ball
1-1: Fly out, F9 (Flyball, 89S)
Batting: RHB Cooper Richard 0-0: Ball
1-0: Ball
2-0: Called Strike
2-1: Ball
3-1: Foul Ball, location: 2F
3-2: Base on Balls
Batting: RHB Ryan Parrish 0-0: Ball
1-0: Ground out 5-3 (Groundball, 5S)
Bottom of the 1st over - 1 run, 1 hit, 0 errors, 1 left on base; Houston 0 - Vancouver 1
TOP OF THE 2ND
Houston Hammertime batting - Pitching for Vancouver Vipers : LHP Dennis Morales
Batting: LHB Marcos Cantú 0-0: Called Strike
0-1: Ball
1-1: Ball
2-1: Ground out 6-3 (Groundball, 6)
Batting: LHB Dave Gordon 0-0: Ball
1-0: SINGLE (Line Drive, 8LS)
Batting: SHB Glenn Vadnais 0-0: Fielders Choice at 2nd, 4-6 (Groundball, 34)
Batting: LHB David Adams 0-0: Called Strike
0-1: Called Strike
0-2: Ball
1-2: SINGLE (Flyball, 7S)
Glenn Vadnais to second
Batting: LHB Francisco Calderón 0-0: Ball
1-0: Fly out, F9 (Flyball, 9)
Top of the 2nd over - 0 runs, 2 hits, 0 errors, 2 left on base; Houston 0 - Vancouver 1
BOTTOM OF THE 2ND
Vancouver Vipers batting - Pitching for Houston Hammertime : LHP Dan Snyder
Batting: RHB Horace Johnson 0-0: SOLO HOME RUN (Flyball, 7LD), Distance : 361 ft
Batting: RHB Axel Guimont 0-0: Ball
1-0: Ground out 4-3 (Groundball, 4MS)
Batting: RHB Quincy Vance 0-0: Fly out, F5 (Line Drive, 56)
Batting: LHB Ernesto Meléndez 0-0: Ball
1-0: Ball
2-0: Foul Ball, location: 2F
2-1: Foul Ball, location: 2F
2-2: Hit by Pitch
Batting: RHB Rob Brady 0-0: Ball
1-0: Foul Ball, location: 2F
1-1: Ball
2-1: Foul Ball, location: 2F
2-2: SINGLE (Flyball, 7LS)
Ernesto Meléndez to second
Batting: SHB Henry Copeland 0-0: Ball
1-0: Swinging Strike
1-1: Foul Ball, location: 2F
1-2: Foul Ball, location: 2F
1-2: Foul Ball, location: 2F
1-2: Foul Ball, location: 2F
1-2: Foul Ball, location: 2F
1-2: Foul Ball, location: 2F
1-2: Ball
2-2: SINGLE (Groundball, 13S) (infield hit)
Ernesto Meléndez to third
Rob Brady to second
Batting: RHB Marvin Workman 0-0: Ground out 4-3 (Groundball, 34D)
Bottom of the 2nd over - 1 run, 3 hits, 0 errors, 3 left on base; Houston 0 - Vancouver 2
TOP OF THE 3RD
Houston Hammertime batting - Pitching for Vancouver Vipers : LHP Dennis Morales
Batting: RHB Jorge Barbosa 0-0: Swinging Strike
0-1: Swinging Strike
0-2: Ball
1-2: Foul Ball, location: 2F
1-2: Strikes out looking
Batting: RHB Santo Cruz 0-0: Ball
1-0: Ball
2-0: Called Strike
2-1: Swinging Strike
2-2: Ground out 5-3 (Groundball, 5L)
Batting: LHB Francisco Cardenas 0-0: Called Strike
0-1: Swinging Strike
0-2: Ball
1-2: Foul Ball, location: 2F
1-2: Foul Ball, location: 2F
1-2: Ground out 1-3 (Groundball, P)
Top of the 3rd over - 0 runs, 0 hits, 0 errors, 0 left on base; Houston 0 - Vancouver 2
BOTTOM OF THE 3RD
Vancouver Vipers batting - Pitching for Houston Hammertime : LHP Dan Snyder
Batting: RHB Cooper Richard 0-0: Ball
1-0: Ball
2-0: Ball
3-0: SINGLE (Groundball, 34D)
Batting: RHB Ryan Parrish 0-0: Foul Ball, location: 2F
0-1: Ball
1-1: Ball
2-1: Ball
3-1: Foul Ball, location: 2F
3-2: Foul Ball, location: 2F
3-2: Base on Balls
Cooper Richard to second
Batting: RHB Horace Johnson 0-0: Foul Ball, location: 2F
0-1: Ball
1-1: Foul Ball, location: 2F
1-2: DOUBLE (Line Drive, 9)
Cooper Richard scores
Ryan Parrish to third
Batting: RHB Axel Guimont 0-0: Ball
1-0: Swinging Strike
1-1: Called Strike
1-2: Strikes out looking
Batting: RHB Quincy Vance 0-0: Ground out 6-3 (Groundball, 6)
Ryan Parrish scores
Batting: LHB Ernesto Meléndez 0-0: Foul Ball, location: 2F
0-1: Foul Ball, location: 2F
0-2: Ball
1-2: Ball
2-2: Ball
3-2: DOUBLE (Line Drive, 78XD)
Horace Johnson scores
Batting: RHB Rob Brady 0-0: Swinging Strike
0-1: Foul Ball, location: 2F
0-2: Ball
1-2: SINGLE (Groundball, 34D)
Ernesto Meléndez to third
Runner from 3rd tries for Home, SAFE, no throw
Batting: SHB Henry Copeland 0-0: Ball
1-0: Called Strike
1-1: Ball
2-1: Foul Ball, location: 2F
2-2: SINGLE (Flyball, 9LS)
Rob Brady to second
Runner from 2nd tries for 3rd, SAFE, no throw
Batting: RHB Marvin Workman 0-0: Ball
1-0: Ball
2-0: Foul Ball, location: 2F
2-1: Fly out, F6 (Line Drive, 6MD)
Bottom of the 3rd over - 4 runs, 5 hits, 0 errors, 2 left on base; Houston 0 - Vancouver 6
TOP OF THE 4TH
Houston Hammertime batting - Pitching for Vancouver Vipers : LHP Dennis Morales
Batting: RHB José García 0-0: Ball
1-0: Called Strike
1-1: Reached on error, E4 (Groundball, 4D)
Batting: LHB Marcos Cantú 0-0: Called Strike
José García steals 2nd base
0-1: Swinging Strike
0-2: Ball
1-2: Strikes out looking
Batting: LHB Dave Gordon 0-0: Fly out, F7 (Flyball, 7LSF)
Batting: SHB Glenn Vadnais 0-0: Foul Ball, location: 2F
0-1: Foul Ball, location: 2F
0-2: SINGLE (Line Drive, 34D)
José García to third
Runner from 3rd tries for Home, SAFE, no throw
Batting: LHB David Adams 0-0: Foul Ball, location: 2F
0-1: Called Strike
0-2: Fly out, F8 (Line Drive, 8RM)
Top of the 4th over - 1 run, 1 hit, 1 error, 1 left on base; Houston 1 - Vancouver 6
BOTTOM OF THE 4TH
Vancouver Vipers batting - Pitching for Houston Hammertime : LHP Dan Snyder
Batting: RHB Cooper Richard 0-0: Ball
1-0: Ball
2-0: Fly out, F8 (Line Drive, 8RM)
Batting: RHB Ryan Parrish 0-0: Ball
1-0: Ball
2-0: Ball
3-0: Base on Balls
Batting: RHB Horace Johnson 0-0: Ball
Ryan Parrish steals 2nd base
1-0: Ball
2-0: Called Strike
2-1: Foul Ball, location: 2F
2-2: Ground out 4-3 (Groundball, 34)
Ryan Parrish to third
Batting: RHB Axel Guimont 0-0: Ground out 5-3 (Groundball, 56)
Bottom of the 4th over - 0 runs, 0 hits, 0 errors, 1 left on base; Houston 1 - Vancouver 6
TOP OF THE 5TH
Houston Hammertime batting - Pitching for Vancouver Vipers : LHP Dennis Morales
Batting: LHB Francisco Calderón 0-0: Fly out, F8 (Flyball, 8RM)
Batting: RHB Jorge Barbosa 0-0: Ball
1-0: Ball
2-0: Called Strike
2-1: Ball
3-1: Base on Balls
Batting: RHB Santo Cruz 0-0: Ball
1-0: Called Strike
1-1: Swinging Strike
1-2: Ball
2-2: Ground out 5-3 (Groundball, 5S)
Jorge Barbosa to second
Batting: LHB Francisco Cardenas 0-0: Ground out 3-1 (Groundball, 34)
Top of the 5th over - 0 runs, 0 hits, 0 errors, 1 left on base; Houston 1 - Vancouver 6
BOTTOM OF THE 5TH
Vancouver Vipers batting - Pitching for Houston Hammertime : LHP Dan Snyder
Batting: RHB Quincy Vance 0-0: Called Strike
0-1: Ball
1-1: Foul Ball, location: 2F
1-2: Ball
2-2: DOUBLE (Line Drive, 7LM)
Pitching: RHP António Sánchez
Batting: LHB Ernesto Meléndez 0-0: Ground out 6-3 (Groundball, 6)
Batting: RHB Rob Brady 0-0: Ball
1-0: Ball
2-0: Ball
3-0: Called Strike
3-1: Fly out, F8 (Flyball, 8RS)
Batting: SHB Henry Copeland 0-0: Swinging Strike
0-1: Ball
1-1: Swinging Strike
1-2: Strikes out swinging
Bottom of the 5th over - 0 runs, 1 hit, 0 errors, 1 left on base; Houston 1 - Vancouver 6
TOP OF THE 6TH
Houston Hammertime batting - Pitching for Vancouver Vipers : LHP Dennis Morales
Batting: RHB José García 0-0: Called Strike
0-1: Ball
1-1: Ball
2-1: Ball
3-1: Foul Ball, location: 2F
3-2: Ground out 6-3 (Groundball, 6)
Batting: LHB Marcos Cantú 0-0: Ball
1-0: Foul Ball, location: 2F
1-1: Called Strike
1-2: Fly out, F7 (Line Drive, 7)
Batting: LHB Dave Gordon 0-0: Ball
1-0: Called Strike
1-1: Ball
2-1: Swinging Strike
2-2: Foul Ball, location: 2F
2-2: Ball
3-2: Strikes out swinging
Top of the 6th over - 0 runs, 0 hits, 0 errors, 0 left on base; Houston 1 - Vancouver 6
BOTTOM OF THE 6TH
Vancouver Vipers batting - Pitching for Houston Hammertime : RHP António Sánchez
Batting: RHB Marvin Workman 0-0: Called Strike
0-1: Foul Ball, location: 2F
0-2: Ball
1-2: Hit by Pitch
Batting: RHB Cooper Richard 0-0: Ball
1-0: Ball
2-0: SINGLE (Flyball, 78S)
Marvin Workman to second
Batting: RHB Ryan Parrish 0-0: Ball
1-0: Called Strike
1-1: Ball
2-1: Called Strike
2-2: Foul Ball, location: 2F
2-2: Foul Ball, location: 2F
2-2: Foul Ball, location: 2F
2-2: Ball
3-2: Foul Ball, location: 2F
3-2: SINGLE (Groundball, 56D)
Marvin Workman to third
Cooper Richard to second
Batting: RHB Horace Johnson 0-0: Ball
1-0: Ball
2-0: Called Strike
2-1: Ball
3-1: Base on Balls
Marvin Workman scores
Cooper Richard to third
Ryan Parrish to second
Batting: RHB Axel Guimont 0-0: Foul Ball, location: 2F
0-1: Swinging Strike
0-2: Ball
1-2: Ball
2-2: Strikes out swinging
Batting: RHB Quincy Vance 0-0: Ball
1-0: SINGLE (Line Drive, 4M)
Cooper Richard scores
Ryan Parrish to third
Horace Johnson to second
Runner from 3rd tries for Home, SAFE, no throw
Batting: LHB Ernesto Meléndez 0-0: Grounds out, U3 (Groundball, 3L)
Horace Johnson to third
Batting: RHB Rob Brady 0-0: Ball
1-0: Ball
2-0: Ball
3-0: Base on Balls
Batting: SHB Henry Copeland 0-0: Ball
1-0: Foul Ball, location: 2F
1-1: Ball
2-1: Fly out, F8 (Line Drive, 8RD)
Bottom of the 6th over - 3 runs, 3 hits, 0 errors, 3 left on base; Houston 1 - Vancouver 9
TOP OF THE 7TH
Houston Hammertime batting - Pitching for Vancouver Vipers : LHP Dennis Morales
Batting: SHB Glenn Vadnais 0-0: Ball
1-0: SOLO HOME RUN (Flyball, 7LD), Distance : 354 ft
Batting: LHB David Adams 0-0: Called Strike
0-1: Ball
1-1: Ground out U3 (Groundball, 34)
Batting: LHB Francisco Calderón 0-0: Foul Ball, location: 2F
0-1: Ball
1-1: Foul Ball, location: 2F
1-2: SINGLE (Groundball, 34D)
Batting: RHB Jorge Barbosa 0-0: Ball
1-0: Called Strike
1-1: Swinging Strike
1-2: Ball
2-2: Ball
3-2: Ground out 1-3 (Groundball, P)
Francisco Calderón to second
Batting: RHB Santo Cruz 0-0: Fly out, F8 (Flyball, 8LXD)
Top of the 7th over - 1 run, 2 hits, 0 errors, 1 left on base; Houston 2 - Vancouver 9
BOTTOM OF THE 7TH
Vancouver Vipers batting - Pitching for Houston Hammertime : RHP António Sánchez
Batting: RHB Marvin Workman 0-0: Called Strike
0-1: Foul Ball, location: 2F
0-2: Ball
1-2: Ground out U3 (Groundball, 3S)
Batting: RHB Cooper Richard 0-0: Called Strike
0-1: Ball
1-1: Swinging Strike
1-2: Ground out 6-3 (Groundball, 6M)
Batting: RHB Ryan Parrish 0-0: Called Strike
0-1: Ball
1-1: Ball
2-1: Ball
3-1: Foul Ball, location: 2F
3-2: Ground out 4-3 (Groundball, 4)
Bottom of the 7th over - 0 runs, 0 hits, 0 errors, 0 left on base; Houston 2 - Vancouver 9
TOP OF THE 8TH
Houston Hammertime batting - Pitching for Vancouver Vipers : LHP Dennis Morales
Now at 1B: Ben Alexander
Batting: LHB Francisco Cardenas 0-0: Called Strike
0-1: Ball
1-1: Ball
2-1: Ball
3-1: Called Strike
3-2: DOUBLE (Flyball, 8LXD)
Pitching: RHP Javier Toledo
Batting: RHB José García 0-0: Swinging Strike
0-1: Ball
1-1: Ball
2-1: SINGLE (Flyball, 7S)
Francisco Cardenas to third
Runner from 3rd tries for Home, SAFE, no throw
Batting: LHB Marcos Cantú 0-0: Called Strike
0-1: Ball
1-1: Fly out, F7 (Line Drive, 7)
Batting: LHB Dave Gordon 0-0: 2-RUN HOME RUN (Flyball, 9D), Distance : 384 ft
Pitching: RHP Pedro Días
Batting: SHB Glenn Vadnais 0-0: Ball
1-0: Ball
2-0: SINGLE (Line Drive, 6MD)
Batting: LHB David Adams 0-0: Ball
1-0: Swinging Strike
1-1: Ball
2-1: Ball
3-1: Base on Balls
Glenn Vadnais to second
Batting: LHB Francisco Calderón 0-0: Ball
Wild Pitch!
Glenn Vadnais to third
David Adams to second
1-0: Ball
2-0: Ball
3-0: Base on Balls
Batting: RHB Jorge Barbosa 0-0: Ball
1-0: Foul Ball, location: 2F
1-1: SINGLE (Groundball, 6MD)
Glenn Vadnais scores
David Adams to third
Francisco Calderón to second
Batting: RHB Santo Cruz 0-0: Ball
1-0: Ball
2-0: Foul Ball, location: 2F
2-1: Foul Ball, location: 2F
2-2: Ball
3-2: Base on Balls
David Adams scores
Francisco Calderón to third
Jorge Barbosa to second
Pitching: RHP Irwin Conway
Batting: LHB Francisco Cardenas 0-0: Fly out, F8 (Flyball, 8LD)
Runner from 3rd tags up, SCORES, throw made
Pinch Hitting: LHB Jeffrey Satterley 0-0: Foul Ball, location: 2F
0-1: Ball
1-1: Foul Ball, location: 2F
1-2: Foul Ball, location: 2F
1-2: Ground out 5-3 (Groundball, 56S)
Top of the 8th over - 6 runs, 5 hits, 0 errors, 2 left on base; Houston 8 - Vancouver 9
BOTTOM OF THE 8TH
Vancouver Vipers batting - Pitching for Houston Hammertime : RHP António Sánchez
Pitching: LHP Francisco Pérez
Now at 3B: Juan Carlos
Batting: RHB Horace Johnson 0-0: Ball
1-0: Ball
2-0: Ball
3-0: Base on Balls
Batting: RHB Axel Guimont 0-0: Ball
1-0: Foul Ball, location: 2F
Balk!
Horace Johnson to second
1-1: Foul Ball, location: 2F
1-2: Strikes out swinging
Pinch Hitting: RHB Walton Smith 0-0: Intentional Walk
Pinch Hitting: RHB Salvador Medine 0-0: Called Strike
0-1: Ball
1-1: Ball
2-1: Ball
3-1: SINGLE (Groundball, 34D)
Horace Johnson to third
Walton Smith to second
Runner from 3rd tries for Home, SAFE, no throw
Batting: RHB Rob Brady 0-0: Ball
1-0: Ball
2-0: Called Strike
2-1: Called Strike
2-2: Foul Ball, location: 2F
2-2: Strikes out swinging
Batting: SHB Henry Copeland 0-0: Ball
1-0: Ball
2-0: Foul Ball, location: 2F
2-1: Foul Ball, location: 2F
2-2: Ball
3-2: Strikes out swinging
Bottom of the 8th over - 1 run, 1 hit, 0 errors, 2 left on base; Houston 8 - Vancouver 10
TOP OF THE 9TH
Houston Hammertime batting - Pitching for Vancouver Vipers : RHP Irwin Conway
Pitching: LHP Henry Brown
Now in LF: Mike Williams
Now in CF: Jason McIntosh
Batting: LHB Marcos Cantú 0-0: Ground out 4-3 (Groundball, 4M)
Batting: LHB Dave Gordon 0-0: SINGLE (Flyball, 78S)
Pinch Hitting: RHB Raúl Salas 0-0: Ball
1-0: Ball
2-0: Called Strike
2-1: Swinging Strike
2-2: Ball
3-2: Grounds into double play, 4-6-3 (Groundball, 4)
Top of the 9th over - 0 runs, 1 hit, 0 errors, 0 left on base; Houston 8 - Vancouver 10
Saturday, April 7th, 2018 - OOTP Baseball 18.8 Build 76